| TOP OF THE 1ST |
|
Omaha Storm Chasers batting - Pitching for Nashville Sounds : LHP Tony Saunders
|
|
Pitching: LHP Tony Saunders
|
|
|
Batting: RHB Roberto Mejia
|
0-0: Fly out, F8 (Flyball, 8RM, EV 82.5 MPH)
|
|
Batting: RHB Hensley Meulens
|
0-0: Called Strike 0-1: Called Strike 0-2: Ball 1-2: Strikes out swinging
|
|
Batting: RHB Eduardo Perez
|
0-0: Ball 1-0: Ball 2-0: Ball 3-0: Called Strike 3-1: Swinging Strike 3-2: Fly out, F4 (Popup, 34S, EV 83.1 MPH)
|
| Top of the 1st over - 0 runs, 0 hits, 0 errors, 0 left on base; Omaha 0 - Nashville 0 |
| BOTTOM OF THE 1ST |
|
Nashville Sounds batting - Pitching for Omaha Storm Chasers : RHP Calvin Maduro
|
|
Pitching: RHP Calvin Maduro
|
|
|
Batting: RHB Danny Bautista
|
0-0: Ball 1-0: Called Strike 1-1: Ball 2-1: Foul Ball, location: 2F 2-2: Foul Ball, location: 2F 2-2: Foul Ball, location: 2F 2-2: Ground out 6-3 (Groundball, 6, EV 83.8 MPH)
|
|
Batting: RHB George Arias
|
0-0: Foul Ball, location: 2F 0-1: Foul Ball, location: 2F 0-2: Ball 1-2: Strikes out swinging
|
|
Batting: LHB Dion James
|
0-0: Ball 1-0: Called Strike 1-1: Ball 2-1: Ball 3-1: Called Strike 3-2: Base on Balls
|
|
Batting: RHB Paul Konerko
|
0-0: Called Strike 0-1: Called Strike 0-2: Strikes out swinging
|
| Bottom of the 1st over - 0 runs, 0 hits, 0 errors, 1 left on base; Omaha 0 - Nashville 0 |
| TOP OF THE 2ND |
|
Omaha Storm Chasers batting - Pitching for Nashville Sounds : LHP Tony Saunders
|
|
Batting: RHB Matt Mieske
|
0-0: Ball 1-0: Ball 2-0: Ball 3-0: Called Strike 3-1: Base on Balls
|
|
Batting: RHB Mike Figga
|
0-0: Ball 1-0: Swinging Strike 1-1: Swinging Strike 1-2: Strikes out swinging
|
|
Batting: SHB Javier Valentin
|
0-0: Ball 1-0: Grounds into double play, 6-4-3 (Groundball, 6, EV 84.4 MPH)
|
| Top of the 2nd over - 0 runs, 0 hits, 0 errors, 0 left on base; Omaha 0 - Nashville 0 |
| BOTTOM OF THE 2ND |
|
Nashville Sounds batting - Pitching for Omaha Storm Chasers : RHP Calvin Maduro
|
|
Batting: SHB Raul Casanova
|
0-0: Called Strike 0-1: Ground out U3 (Groundball, 34, EV 85.0 MPH)
|
|
Batting: RHB Eli Marrero
|
0-0: Called Strike 0-1: Fly out, F7 (Flyball, 7, EV 90.0 MPH)
|
|
Batting: LHB Jeff Branson
|
0-0: Called Strike 0-1: Ball 1-1: Ball 2-1: Foul Ball, location: 2F 2-2: Foul Ball, location: 2F 2-2: Strikes out swinging
|
| Bottom of the 2nd over - 0 runs, 0 hits, 0 errors, 0 left on base; Omaha 0 - Nashville 0 |
| TOP OF THE 3RD |
|
Omaha Storm Chasers batting - Pitching for Nashville Sounds : LHP Tony Saunders
|
|
Batting: RHB Danny Clyburn
|
0-0: Swinging Strike 0-1: Ball 1-1: Swinging Strike 1-2: Ball 2-2: Strikes out looking
|
|
Batting: SHB Pablo Martinez
|
0-0: Ground out 1-3 (Groundball, 13, EV 85.6 MPH)
|
|
Batting: RHB Riccardo Ingram
|
0-0: Foul Ball, location: 2F 0-1: Foul Ball, location: 2F 0-2: Strikes out looking
|
| Top of the 3rd over - 0 runs, 0 hits, 0 errors, 0 left on base; Omaha 0 - Nashville 0 |
| BOTTOM OF THE 3RD |
|
Nashville Sounds batting - Pitching for Omaha Storm Chasers : RHP Calvin Maduro
|
|
Batting: RHB Adam Riggs
|
0-0: Ball 1-0: Ground out 6-3 (Groundball, 6, EV 81.9 MPH)
|
|
Batting: SHB Felix Martinez
|
0-0: Called Strike 0-1: Ball 1-1: Fly out, F7 (Line Drive, 7, EV 102.5 MPH)
|
|
Batting: RHB Danny Bautista
|
0-0: Ball 1-0: Called Strike 1-1: Ball 2-1: Swinging Strike 2-2: Foul Ball, location: 2F 2-2: Foul Ball, location: 2F 2-2: DOUBLE (Flyball, 8RXD, EV 100.0 MPH)
|
|
Batting: RHB George Arias
|
0-0: Swinging Strike 0-1: SINGLE (Flyball, 78S, EV 85.0 MPH) Danny Bautista to third Runner from 3rd tries for Home, SAFE, throw by LF to home
|
|
Batting: LHB Dion James
|
0-0: Called Strike 0-1: Ball 1-1: Ball 2-1: Foul Ball, location: 2F 2-2: SINGLE (Groundball, 34D, EV 103.8 MPH) George Arias to second Runner from 2nd tries for 3rd, SAFE, throw by RF made to third
|
|
Batting: RHB Paul Konerko
|
0-0: Fly out, F3 (Popup, 23, EV 86.9 MPH)
|
| Bottom of the 3rd over - 1 run, 3 hits, 0 errors, 2 left on base; Omaha 0 - Nashville 1 |
| TOP OF THE 4TH |
|
Omaha Storm Chasers batting - Pitching for Nashville Sounds : LHP Tony Saunders
|
|
Batting: RHB Roberto Mejia
|
0-0: Foul Ball, location: 2F 0-1: Ball 1-1: Swinging Strike 1-2: Ground out 6-3 (Groundball, 6, EV 103.1 MPH)
|
|
Batting: RHB Hensley Meulens
|
0-0: Ball 1-0: Ball 2-0: Fly out, F9 (Flyball, 9, EV 91.3 MPH)
|
|
Batting: RHB Eduardo Perez
|
0-0: Foul Ball, location: 2F 0-1: Ball 1-1: Foul Ball, location: 2F 1-2: Ball 2-2: Fly out, F9 (Flyball, 89M, EV 94.4 MPH)
|
| Top of the 4th over - 0 runs, 0 hits, 0 errors, 0 left on base; Omaha 0 - Nashville 1 |
| BOTTOM OF THE 4TH |
|
Nashville Sounds batting - Pitching for Omaha Storm Chasers : RHP Calvin Maduro
|
|
Batting: SHB Raul Casanova
|
0-0: Called Strike 0-1: Called Strike 0-2: Ground out 1-3 (Groundball, 34S, EV 84.4 MPH)
|
|
Batting: RHB Eli Marrero
|
0-0: Ball 1-0: Ball 2-0: Foul Ball, location: 2F 2-1: Foul Ball, location: 2F 2-2: Foul Ball, location: 2F 2-2: Strikes out swinging
|
|
Batting: LHB Jeff Branson
|
0-0: Ball 1-0: Swinging Strike 1-1: SINGLE (Groundball, 34S, EV 76.9 MPH) (infield hit)
|
|
Batting: RHB Adam Riggs
|
0-0: Called Strike 0-1: Called Strike 0-2: Foul Ball, location: 2F 0-2: Foul Ball, location: 2F 0-2: Foul Ball, location: 2F 0-2: Ball 1-2: Reached on error, E7 (Flyball, 7S, EV 88.1 MPH) Jeff Branson to third
|
|
Batting: SHB Felix Martinez
|
0-0: Ball 1-0: SINGLE (Flyball, 8RS, EV 90.0 MPH) Jeff Branson scores Adam Riggs to third Runner from 3rd tries for Home, SAFE, throw by CF to home
|
|
Batting: RHB Danny Bautista
|
0-0: Ball 1-0: Foul Ball, location: 2F 1-1: Foul Ball, location: 2F 1-2: Foul Ball, location: 2F 1-2: SINGLE (Line Drive, 7S, EV 93.1 MPH) Felix Martinez to second
|
|
Batting: RHB George Arias
|
0-0: Called Strike 0-1: Called Strike 0-2: Strikes out looking
|
| Bottom of the 4th over - 2 runs, 3 hits, 1 error, 2 left on base; Omaha 0 - Nashville 3 |
| TOP OF THE 5TH |
|
Omaha Storm Chasers batting - Pitching for Nashville Sounds : LHP Tony Saunders
|
|
Batting: RHB Matt Mieske
|
0-0: Called Strike 0-1: Called Strike 0-2: Ground out 6-3 (Groundball, 6, EV 105.6 MPH)
|
|
Batting: RHB Mike Figga
|
0-0: Called Strike 0-1: Called Strike 0-2: Ball 1-2: Ball 2-2: Ball 3-2: Base on Balls
|
|
Batting: SHB Javier Valentin
|
0-0: Ball 1-0: Foul Ball, location: 2F 1-1: Called Strike 1-2: Foul Ball, location: 2F 1-2: Ball 2-2: Strikes out looking
|
|
Batting: RHB Danny Clyburn
|
0-0: Foul Ball, location: 2F 0-1: SINGLE (Flyball, 89S, EV 85.6 MPH) Mike Figga to second
|
|
Batting: SHB Pablo Martinez
|
0-0: Foul Ball, location: 2F 0-1: Ball 1-1: Swinging Strike 1-2: Fly out, F9 (Flyball, 9S, EV 93.8 MPH)
|
| Top of the 5th over - 0 runs, 1 hit, 0 errors, 2 left on base; Omaha 0 - Nashville 3 |
| BOTTOM OF THE 5TH |
|
Nashville Sounds batting - Pitching for Omaha Storm Chasers : RHP Calvin Maduro
|
|
Batting: LHB Dion James
|
0-0: Foul Ball, location: 2F 0-1: Swinging Strike 0-2: Foul Ball, location: 2F 0-2: Ground out 4-3 (Groundball, 4, EV 87.5 MPH)
|
|
Batting: RHB Paul Konerko
|
0-0: Called Strike 0-1: Called Strike 0-2: Ball 1-2: Foul Ball, location: 2F 1-2: Ball 2-2: Foul Ball, location: 2F 2-2: SINGLE (Groundball, 3D, EV 103.1 MPH)
|
|
Batting: SHB Raul Casanova
|
0-0: Ball 1-0: Foul Ball, location: 2F 1-1: Swinging Strike 1-2: Foul Ball, location: 2F 1-2: Foul Ball, location: 2F 1-2: Grounds into double play, 4-6-3 (Groundball, 4, EV 82.5 MPH)
|
| Bottom of the 5th over - 0 runs, 1 hit, 0 errors, 0 left on base; Omaha 0 - Nashville 3 |
| TOP OF THE 6TH |
|
Omaha Storm Chasers batting - Pitching for Nashville Sounds : LHP Tony Saunders
|
|
Batting: RHB Riccardo Ingram
|
0-0: Ball 1-0: Foul Ball, location: 2F 1-1: Swinging Strike 1-2: Strikes out swinging
|
|
Batting: RHB Roberto Mejia
|
0-0: Ball 1-0: Foul Ball, location: 2F 1-1: Ball 2-1: Foul Ball, location: 2F 2-2: Foul Ball, location: 2F 2-2: Strikes out swinging
|
|
Batting: RHB Hensley Meulens
|
0-0: Ball 1-0: Foul Ball, location: 2F 1-1: Ball 2-1: Foul Ball, location: 2F 2-2: Foul Ball, location: 2F 2-2: Ball 3-2: Strikes out swinging
|
| Top of the 6th over - 0 runs, 0 hits, 0 errors, 0 left on base; Omaha 0 - Nashville 3 |
| BOTTOM OF THE 6TH |
|
Nashville Sounds batting - Pitching for Omaha Storm Chasers : RHP Calvin Maduro
|
|
Batting: RHB Eli Marrero
|
0-0: Ball 1-0: Called Strike 1-1: Foul Ball, location: 2F 1-2: Ball 2-2: Fly out, F7 (Flyball, 7LSF, EV 93.8 MPH)
|
|
Batting: LHB Jeff Branson
|
0-0: Ball 1-0: Ball 2-0: DOUBLE (Line Drive, 78D, EV 101.9 MPH)
|
|
Batting: RHB Adam Riggs
|
0-0: Foul Ball, location: 2F 0-1: Ball 1-1: Foul Ball, location: 2F 1-2: Strikes out swinging
|
|
Pitching: LHP Roberto Duran
|
|
|
Batting: SHB Felix Martinez
|
0-0: Ball 1-0: Ball 2-0: Called Strike 2-1: Ball 3-1: Base on Balls
|
|
Batting: RHB Danny Bautista
|
0-0: Called Strike 0-1: Ball 1-1: Foul Ball, location: 2F 1-2: Foul Ball, location: 2F 1-2: Foul Ball, location: 2F 1-2: Fly out, F8 (Line Drive, 8LD, EV 90.0 MPH)
|
| Bottom of the 6th over - 0 runs, 1 hit, 0 errors, 2 left on base; Omaha 0 - Nashville 3 |
| TOP OF THE 7TH |
|
Omaha Storm Chasers batting - Pitching for Nashville Sounds : LHP Tony Saunders
|
|
Batting: RHB Eduardo Perez
|
0-0: Ball 1-0: Foul Ball, location: 2F 1-1: Ball 2-1: Foul Ball, location: 2F 2-2: Ball 3-2: SINGLE (Groundball, 6D, EV 102.5 MPH)
|
|
Batting: RHB Matt Mieske
|
0-0: Called Strike 0-1: Ball 1-1: Ball 2-1: Foul Ball, location: 2F 2-2: Foul Ball, location: 2F 2-2: Foul Ball, location: 2F 2-2: Ball 3-2: Fly out, F8 (Flyball, 89S, EV 88.8 MPH)
|
|
Batting: RHB Mike Figga
|
0-0: Ball 1-0: Swinging Strike 1-1: Foul Ball, location: 2F 1-2: Strikes out looking
|
|
Batting: SHB Javier Valentin
|
0-0: Called Strike 0-1: Swinging Strike 0-2: DOUBLE (Line Drive, 7LM, EV 87.5 MPH) Eduardo Perez to third Runner from 3rd tries for Home, SAFE, no throw by LF
|
|
Batting: RHB Danny Clyburn
|
0-0: Ball 1-0: Called Strike 1-1: Called Strike 1-2: Fly out, F7 (Flyball, 7, EV 89.4 MPH)
|
| Top of the 7th over - 1 run, 2 hits, 0 errors, 1 left on base; Omaha 1 - Nashville 3 |
| BOTTOM OF THE 7TH |
|
Nashville Sounds batting - Pitching for Omaha Storm Chasers : LHP Roberto Duran
|
|
Batting: RHB George Arias
|
0-0: Ball 1-0: Called Strike 1-1: Ball 2-1: Fly out, F8 (Flyball, 8LM, EV 88.1 MPH)
|
|
Batting: LHB Dion James
|
0-0: Called Strike 0-1: Ball 1-1: Called Strike 1-2: Ball 2-2: Foul Ball, location: 2F 2-2: Ball 3-2: Strikes out swinging
|
|
Batting: RHB Paul Konerko
|
0-0: Called Strike 0-1: Swinging Strike 0-2: Ball 1-2: Strikes out swinging
|
| Bottom of the 7th over - 0 runs, 0 hits, 0 errors, 0 left on base; Omaha 1 - Nashville 3 |
| TOP OF THE 8TH |
|
Omaha Storm Chasers batting - Pitching for Nashville Sounds : LHP Tony Saunders
|
|
Now in RF: Ken Ramos
|
|
|
Batting: SHB Pablo Martinez
|
0-0: Foul Ball, location: 2F 0-1: Foul Ball, location: 2F 0-2: Ball 1-2: Ball 2-2: Strikes out swinging
|
|
Batting: RHB Riccardo Ingram
|
0-0: Ball 1-0: Ball 2-0: Ball 3-0: Called Strike 3-1: Called Strike 3-2: Strikes out swinging
|
|
Batting: RHB Roberto Mejia
|
0-0: Called Strike 0-1: Swinging Strike 0-2: Strikes out looking
|
| Top of the 8th over - 0 runs, 0 hits, 0 errors, 0 left on base; Omaha 1 - Nashville 3 |
| BOTTOM OF THE 8TH |
|
Nashville Sounds batting - Pitching for Omaha Storm Chasers : LHP Roberto Duran
|
|
Batting: SHB Raul Casanova
|
0-0: Ball 1-0: Ball 2-0: Ball 3-0: Base on Balls
|
|
Pitching: LHP Pat Gomez
|
|
|
Batting: RHB Eli Marrero
|
0-0: Foul Ball, location: 2F 0-1: Ball 1-1: DOUBLE (Line Drive, 9LS, EV 103.1 MPH) Raul Casanova to third
|
|
Batting: LHB Jeff Branson
|
0-0: Called Strike 0-1: Foul Ball, location: 2F 0-2: Ball 1-2: Ball 2-2: Strikes out swinging
|
|
Batting: RHB Adam Riggs
|
0-0: Intentional Walk
|
|
Batting: SHB Felix Martinez
|
0-0: Called Strike 0-1: Ball 1-1: Grounds into fielders choice 1-2 (Groundball, P, EV 86.9 MPH) Eli Marrero to third Adam Riggs to second
|
|
Batting: RHB Danny Bautista
|
0-0: Swinging Strike 0-1: Fly out, F7 (Flyball, 7D, EV 100.0 MPH)
|
| Bottom of the 8th over - 0 runs, 1 hit, 0 errors, 3 left on base; Omaha 1 - Nashville 3 |
| TOP OF THE 9TH |
|
Omaha Storm Chasers batting - Pitching for Nashville Sounds : LHP Tony Saunders
|
|
Pitching: RHP Chad Fox
|
|
|
Batting: RHB Hensley Meulens
|
0-0: Called Strike 0-1: SOLO HOME RUN (Flyball, 9LD, EV 91.3 MPH), Distance : 324 ft
|
|
Batting: RHB Eduardo Perez
|
0-0: Ball 1-0: Foul Ball, location: 2F 1-1: Ground out 6-3 (Groundball, 6, EV 80.6 MPH)
|
|
Batting: RHB Matt Mieske
|
0-0: Ball 1-0: Ball 2-0: SOLO HOME RUN (Flyball, 78XD, EV 99.4 MPH), Distance : 426 ft
|
|
Batting: RHB Mike Figga
|
0-0: Called Strike 0-1: Swinging Strike 0-2: Ball 1-2: Foul Ball, location: 2F 1-2: Ball 2-2: Foul Ball, location: 2F 2-2: Strikes out swinging
|
|
Batting: SHB Javier Valentin
|
0-0: Ball 1-0: Ground out 1-3 (Groundball, 15S, EV 71.9 MPH)
|
| Top of the 9th over - 2 runs, 2 hits, 0 errors, 0 left on base; Omaha 3 - Nashville 3 |
| BOTTOM OF THE 9TH |
|
Nashville Sounds batting - Pitching for Omaha Storm Chasers : LHP Pat Gomez
|
|
Batting: RHB George Arias
|
0-0: Foul Ball, location: 2F 0-1: Ball 1-1: Fly out, F8 (Line Drive, 8RM, EV 88.8 MPH)
|
|
Batting: LHB Ken Ramos
|
0-0: Foul Ball, location: 2F 0-1: Fly out, F7 (Flyball, 7D, EV 88.1 MPH)
|
|
Batting: RHB Paul Konerko
|
0-0: Called Strike 0-1: Ball 1-1: Ball 2-1: Foul Ball, location: 2F 2-2: Ball 3-2: SINGLE (Groundball, 6MD, EV 106.3 MPH)
|
|
Batting: SHB Raul Casanova
|
0-0: Called Strike 0-1: Ball 1-1: Foul Ball, location: 2F 1-2: Strikes out swinging
|
| Bottom of the 9th over - 0 runs, 1 hit, 0 errors, 1 left on base; Omaha 3 - Nashville 3 |
| TOP OF THE 10TH |
|
Omaha Storm Chasers batting - Pitching for Nashville Sounds : RHP Chad Fox
|
|
Pitching: RHP Jose J. Bautista
|
|
|
Batting: RHB Danny Clyburn
|
0-0: Foul Ball, location: 2F 0-1: Ball 1-1: Ball 2-1: Foul Ball, location: 2F 2-2: Hit by Pitch
|
|
Pinch Runner at 1st Henry Blanco:
|
|
|
Batting: SHB Pablo Martinez
|
0-0: Sac Bunt to 15S - play at first, batter OUT! 1-4 Henry Blanco to second
|
|
Batting: RHB Riccardo Ingram
|
0-0: Foul Ball, location: 2F 0-1: Ball 1-1: Swinging Strike 1-2: Strikes out swinging
|
|
Batting: RHB Roberto Mejia
|
0-0: Foul Ball, location: 2F 0-1: Ball 1-1: Ball 2-1: Fly out, F9 (Line Drive, 9D, EV 88.8 MPH)
|
| Top of the 10th over - 0 runs, 0 hits, 0 errors, 1 left on base; Omaha 3 - Nashville 3 |
| BOTTOM OF THE 10TH |
|
Nashville Sounds batting - Pitching for Omaha Storm Chasers : LHP Pat Gomez
|
|
Pitching: LHP Tony J. Castillo
|
|
|
Now at 1B: Henry Blanco
|
|
|
Batting: RHB Eli Marrero
|
0-0: Called Strike 0-1: Foul Ball, location: 2F 0-2: Ball 1-2: Ball 2-2: Ball 3-2: Fly out, F9 (Line Drive, 9D, EV 91.3 MPH)
|
|
Batting: LHB Jeff Branson
|
0-0: Ground out 1-3 (Groundball, P, EV 69.4 MPH)
|
|
Batting: RHB Adam Riggs
|
0-0: Called Strike 0-1: Foul Ball, location: 2F 0-2: Fly out, F5 (Popup, 5F, EV 80.6 MPH)
|
| Bottom of the 10th over - 0 runs, 0 hits, 0 errors, 0 left on base; Omaha 3 - Nashville 3 |
| TOP OF THE 11TH |
|
Omaha Storm Chasers batting - Pitching for Nashville Sounds : RHP Jose J. Bautista
|
|
Batting: RHB Hensley Meulens
|
0-0: Ball 1-0: Foul Ball, location: 2F 1-1: Ball 2-1: Ball 3-1: Fly out, F8 (Line Drive, 8RD, EV 88.8 MPH)
|
|
Batting: RHB Eduardo Perez
|
0-0: Ball 1-0: Called Strike 1-1: Ball 2-1: Fly out, F3 (Popup, 3S, EV 68.8 MPH)
|
|
Batting: RHB Matt Mieske
|
0-0: Swinging Strike 0-1: Swinging Strike 0-2: Ball 1-2: Strikes out looking
|
| Top of the 11th over - 0 runs, 0 hits, 0 errors, 0 left on base; Omaha 3 - Nashville 3 |
| BOTTOM OF THE 11TH |
|
Nashville Sounds batting - Pitching for Omaha Storm Chasers : LHP Tony J. Castillo
|
|
Batting: SHB Felix Martinez
|
0-0: Called Strike 0-1: Ball 1-1: Called Strike 1-2: Ball 2-2: Ground out 6-3 (Groundball, 6, EV 83.1 MPH)
|
|
Batting: RHB Danny Bautista
|
0-0: Ball 1-0: Called Strike 1-1: Foul Ball, location: 2F 1-2: Ball 2-2: Strikes out swinging
|
|
Batting: RHB George Arias
|
0-0: Ball 1-0: Called Strike 1-1: Called Strike 1-2: Foul Ball, location: 2F 1-2: DOUBLE (Groundball, 5L, EV 94.4 MPH)
|
|
Batting: LHB Ken Ramos
|
0-0: Called Strike 0-1: Ball 1-1: Ball 2-1: Ball 3-1: Foul Ball, location: 2F 3-2: 2-RUN HOME RUN (Line Drive, 9D, EV 105.0 MPH), Distance : 370 ft
|
 |
|
Tuesday, January 27th, 2026 - OOTP Baseball 20.8 Build 74
|
|